 Dungeon Crawl Stone Soup version 0.23.2-40-g277498a001 (webtiles) character file.

Game seed: 1293206096684592093

4008 MalarOregon the Nimble (level 10, -3/77 HPs)
             Began as a Merfolk Summoner on Aug 26, 2019.
             Slain by a deep elf knight
             ... wielding a +0 short sword
              (5 damage)
             ... in a bailey.
             The game lasted 00:19:17 (8828 turns).

MalarOregon the Nimble (Merfolk Summoner)           Turns: 8828, Time: 00:19:18

Health: -3/77      AC:  6    Str:  8    XL:     10   Next: 23%
Magic:  11/19      EV: 17    Int: 22    God:
Gold:   42         SH:  0    Dex: 14    Spells: 15/21 levels left

rFire    . . .     SeeInvis .   h - +2 dagger (elec)
rCold    . . .     Gourm    .   (no shield)
rNeg     . . .     Faith    .   a - +0 robe
rPois    .         Spirit   .   b - +1 helmet {Int+3}
rElec    .         Reflect  .   (no cloak)
rCorr    .         Harm     .   n - +0 pair of gloves
MR       .....                  q - +0 pair of boots
Stlth    ++++......             (no amulet)
HPRegen  0.22/turn              (no ring)
MPRegen  0.16/turn              (no ring)

@: lightly drained
A: change form in water, swift swim, stealthy swim
a: no special abilities


You were in a bailey.
You were not hungry.

You visited 1 branch of the dungeon, and saw 8 of its levels.
You also visited: Bailey.

You collected 191 gold pieces.
You spent 149 gold pieces at shops.

Inventory:

Hand Weapons
 h - a +2 dagger of electrocution (weapon)
   (You took it off a goblin on level 1 of the Dungeon)
 j - a +0 blowgun
   (You took it off a kobold on level 10 of the Dungeon)
 o - a +0 halberd of venom
   (You found it on level 10 of the Dungeon)
 v - the +3 spear of Melee {freeze, rElec Dex+7, unknown}
   (You found it on level 10 of the Dungeon)

   It has been specially enchanted to freeze those struck by it, causing extra
   injury to most foes and up to half again as much damage against particularly
   susceptible opponents.
   It can also slow down cold-blooded creatures.
   It affects your dexterity (+7).
   It insulates you from electricity.
Missiles
 k - 6 curare-tipped needles {!f}
Armour
 a - a +0 robe (worn)
 b - a +1 helmet of intelligence (worn)
   (You bought it in a shop on level 4 of the Dungeon)
 n - a +0 pair of gloves (worn)
   (You found it on level 3 of the Dungeon)
 q - a +0 pair of boots (worn)
   (You found it on level 3 of the Dungeon)
Jewellery
 t - an uncursed amulet of regeneration {unknown}
   (You found it on level 5 of the Dungeon)
Wands
 u - a wand of paralysis (2)
   (You found it on level 7 of the Dungeon)
Scrolls
 i - 6 scrolls of identify {@r1}
 l - 4 scrolls of magic mapping
 s - 2 scrolls of remove curse {@r2}
Potions
 c - a potion of mutation {unknown}
 d - a potion of flight {unknown}
 f - a potion of invisibility
 g - 4 potions of agility
 p - 2 potions of resistance {unknown}
 r - a potion of curing {@q1}
 x - a potion of brilliance {unknown}
 z - a potion of magic {unknown}
Comestibles
 e - 5 rations {!d}
 m - a chunk of flesh


   Skills:
 + Level 6.9(6.4) Fighting
 + Level 8.9(8.4) Dodging
 + Level 8.1(7.5) Stealth
 + Level 6.2(5.7) Spellcasting
 + Level 7.6(7.1) Summonings


You had 15 spell levels left.
You knew the following spells:

 Your Spells              Type           Power        Failure   Level  Hunger
a - Summon Small Mammal   Summ           ####         1%          1    None
c - Call Canine Familiar  Summ           #####...     1%          3    ##.....
x - Call Imp              Summ           #####...     1%          2    None

Your spell library contained the following spells:

 Spells                   Type           Power        Failure   Level  Hunger
 Summon Guardian Golem    Hex/Summ       ###.....     6%          3    ##.....
 Summon Ice Beast         Ice/Summ       ###.....     22%         4    ####...
 Summon Lightning Spire   Summ/Air       ###.....     22%         4    ####...


Dungeon Overview and Level Annotations

Branches:
Dungeon (10/15)
 Temple: D:4-7         Lair: D:8-11         Orc: D:9-12

Altars:
Okawaru
Qazlal
Ru
Xom

Shops:
D:4 [   D:5 [(

Annotations:
D:10 exclusion: vault guard


Message History

Your white imp gestures at the deep elf knight.
The puff of frost hits the deep elf knight.
Your hound barely misses the deep elf knight.
Your crimson imp misses the deep elf knight.
The deep elf knight gestures at you while chanting.
The shard of ice hits you!!!
Ouch! That really hurt!
* * * LOW HITPOINT WARNING * * *
Your hound bites the deep elf knight.
Your white imp hits the deep elf knight.
Your white imp freezes the deep elf knight.
Your quokka bites the deep elf knight.
Your crimson imp misses the deep elf knight.
You swap places.
Your hound completely misses the deep elf knight.
The deep elf knight hits your hound with a +0 short sword.
Your quokka closely misses the deep elf knight.
Your white imp gestures at the deep elf knight.
The puff of frost hits the deep elf knight.
Your shadow imp hits the deep elf knight.
Your hound misses the deep elf knight.
Your crimson imp completely misses the deep elf knight.
Your bat closely misses the deep elf knight. x2
The deep elf knight hits your quokka with a +0 short sword!
Your quokka dies!
Your quokka's corpse disappears in a puff of smoke!
Your hound bites the deep elf knight.
Your white imp barely misses the deep elf knight.
Your shadow imp barely misses the deep elf knight.
Your bat misses the deep elf knight.
Your crimson imp closely misses the deep elf knight.
Your bat hits the deep elf knight but does no damage.
Your hound completely misses the deep elf knight.
The deep elf knight hits your hound with a +0 short sword!
Your hound dies!
Your hound's corpse disappears in a puff of smoke!
Your white imp closely misses the deep elf knight.
Your shadow imp misses the deep elf knight.
Your crimson imp closely misses the deep elf knight.
Your bat hits the deep elf knight but does no damage.
Your white imp gestures at the deep elf knight.
The puff of frost hits the deep elf knight.
Your shadow imp misses the deep elf knight.
Your crimson imp misses the deep elf knight.
Aim: a deep elf knight, wielding a +0 short sword and wearing a cursed +0 leather armour (heavily wounded, chance to defeat MR: 6%)
Okay, then.
Okay, then.
You hit the deep elf knight. Your bat misses the deep elf knight.
The deep elf knight hits you with a +0 short sword.
You die...

##...###...###
#.....#.....#
#.....#.....#
#.....#.)...#
#....#....##
#####'##### #+##
##....#....###h.##
#.....#.....#.5§.#
#..∩..#.....#.be@#
#.....#..)..##55##
##.).###...##'###
.)##)######..##
.))##...##....#
...#.....#....#
..##..∩..##..##
#####...######
#####


You could see a deep elf knight, a friendly hound, a friendly crimson imp, a
friendly white imp, a friendly shadow imp and a friendly bat.

Vanquished Creatures
  4 deep elf magi (Bailey)
  A hippogriff (D:10)
  Sigmund (D:2)
  A water moccasin (D:6)
  2 phantoms
  An ogre (D:5)
  2 centaurs
  2 bullfrogs
  A scorpion (D:5)
  2 wights (D:6)
  A howler monkey (D:5)
  A crimson imp (D:3)
  A hound (D:5)
  2 jellies
  A bullfrog skeleton (D:5)
  Natasha (thrice) (D:2)
  4 worker ants
  A hound zombie (D:5)
  3 gnolls
  4 adders
  An ooze (D:6)
  2 adder skeletons
  A worm (D:4)
  3 dart slugs
  2 leopard geckos (D:2)
  5 orcs (D:3)
  3 bats
  9 giant cockroaches
  4 hobgoblins
  6 jackals
  5 kobolds
  3 quokkas
  2 ball pythons
  3 frilled lizards
  A giant cockroach zombie (D:5)
  4 goblins
  A jackal zombie (D:7)
  A quokka zombie (D:7)
  2 rats
96 creatures vanquished.

Vanquished Creatures (collateral kills)
  2 deep elf magi (Bailey)
  The ghost of MajorAdolf the Poker, an amateur NaWn (D:5)
  A hippogriff (D:10)
  A water moccasin (D:10)
  A sky beast (D:5)
  A big kobold (D:10)
  A scorpion (D:6)
  3 wights (D:6)
  A hound (D:5)
  A gnoll shaman (D:4)
  An iguana (D:4)
  A worker ant (D:6)
  2 adders
  2 gnolls (D:3)
  2 dart slugs (D:1)
  A leopard gecko (D:6)
  2 orcs (D:3)
  7 goblins
  2 hobgoblins
  2 jackals (D:6)
  8 kobolds
  3 bats (D:1)
  2 frilled lizards
  A rat (D:1)
49 creatures vanquished.

Vanquished Creatures (others)
  A deep elf mage (Bailey)
1 creature vanquished.

Grand Total: 146 creatures vanquished

Notes
Turn   | Place    | Note
-------+----------+-------------------------------------------
     0 | D:1      | MalarOregon the Merfolk Summoner began the quest for the
                  | Orb.
     0 | D:1      | Reached XP level 1. HP: 13/13 MP: 3/3
   249 | D:1      | Reached XP level 2. HP: 20/20 MP: 0/5
  1145 | D:2      | Reached skill level 1 in Fighting
  1145 | D:2      | Reached XP level 3. HP: 26/26 MP: 6/6
  1154 | D:2      | Noticed Sigmund
  1157 | D:2      | Killed Sigmund
  1157 | D:2      | Reached XP level 4. HP: 34/34 MP: 6/8
  1157 | D:2      | Reached XP level 5. HP: 39/39 MP: 6/9
  1310 | D:2      | Reached XP level 6. HP: 46/46 MP: 5/10
  1346 | D:2      | Noticed Natasha
  1358 | D:2      | Killed Natasha
  1439 | D:2      | Noticed Natasha
  1514 | D:2      | Killed Natasha
  1592 | D:2      | Noticed Natasha
  1608 | D:2      | Killed Natasha
  2892 | D:4      | Reached skill level 5 in Summonings
  3072 | D:4      | Learned a level 2 spell: Call Imp
  3076 | D:4      | Learned a level 3 spell: Call Canine Familiar
  3366 | D:4      | Reached XP level 7. HP: 44/52 MP: 6/12
  3475 | D:4      | Reached skill level 5 in Dodging
  3560 | D:4      | Found Saot's Armour Emporium.
  4249 | D:5      | Entered Level 5 of the Dungeon
  4566 | D:4      | Bought a +0 helmet of intelligence for 149 gold pieces
  4642 | D:5      | Reached skill level 5 in Stealth
  4719 | D:5      | Reached XP level 8. HP: 15/60 MP: 2/14
  4965 | D:5      | Found Qisem's Weapon Shoppe.
  5135 | D:5      | Found Wareworch's Armour Emporium.
  5173 | D:5      | Found a runed translucent door.
  5173 | D:5      | Noticed MajorAdolf's ghost (amateur NaWn)
  5452 | D:5      | Found an ancient bone altar of Kikubaaqudgha.
  5454 | D:5      | Found an ancient bone altar of Kikubaaqudgha.
  5454 | D:5      | Found a sparkling altar of Nemelex Xobeh.
  5456 | D:5      | Found a sparkling altar of Nemelex Xobeh.
  5456 | D:5      | Found a shimmering altar of Xom.
  5456 | D:5      | Found a radiant altar of Vehumet.
  5572 | D:5      | Killed MajorAdolf's ghost
  5827 | D:6      | Found a stormy altar of Qazlal.
  5974 | D:6      | Found a sacrificial altar of Ru.
  6278 | D:6      | Reached skill level 5 in Fighting
  6753 | D:6      | Found an iron altar of Okawaru.
  6884 | D:6      | Reached XP level 9. HP: 59/68 MP: 16/16
  7544 | D:6      | Reached skill level 5 in Spellcasting
  7844 | D:7      | You fall through a shaft for 3 floors!
  7844 | D:10     | Entered Level 10 of the Dungeon
  7875 | D:10     | HP: 3/68 [asphyx]
  7969 | D:10     | Noticed a vault guard
  7992 | D:10     | Found a flagged portal.
  8003 | D:10     | Got an encrusted spear
  8234 | Bailey   | Entered a bailey
  8239 | Bailey   | Noticed a deep elf mage
  8245 | Bailey   | Killed a deep elf mage
  8314 | Bailey   | Noticed a deep elf mage
  8315 | Bailey   | Noticed a deep elf mage
  8315 | Bailey   | Noticed a deep elf mage
  8316 | Bailey   | Noticed a deep elf mage
  8318 | Bailey   | Killed a deep elf mage
  8319 | Bailey   | Noticed a deep elf mage
  8329 | Bailey   | Killed a deep elf mage
  8331 | Bailey   | Noticed a jumping spider
  8349 | Bailey   | Killed a deep elf mage
  8353 | Bailey   | Noticed a jumping spider
  8362 | Bailey   | HP: 3/71 [jumping spider[a deep elf mage] (11)]
  8366 | Bailey   | Killed a deep elf mage
  8366 | Bailey   | Reached XP level 10. HP: 33/77 MP: 4/18
  8370 | Bailey   | Killed a deep elf mage
  8645 | Bailey   | Noticed a deep elf mage
  8659 | Bailey   | Killed a deep elf mage
  8816 | Bailey   | Noticed a deep elf knight
  8823 | Bailey   | HP: 1/77 [deep elf knight/shard of ice (43)]
  8828 | Bailey   | Slain by a deep elf knight

Skill      XL: |  1  2  3  4  5  6  7  8  9 10 |
---------------+-------------------------------+-----
Dodging        | 3 4 5 7 8 |  8.9
Fighting       | 1 2 3 4 5 6 |  6.9
Stealth        | 3 4 5 6 7 8 |  8.1
Spellcasting   | 3 4 5 6 |  6.2
Summonings     | 5 6 7 |  7.6

Action                   |  1- 3 |  4- 6 |  7- 9 | 10-12 || total
-------------------------+-------+-------+-------+-------++-------
Melee: Unarmed           |    13 |       |       |       ||    13
       Dagger            |    24 |   135 |   213 |     8 ||   380
 Cast: Summon Small Mamm |    23 |    34 |       |     5 ||    62
       Call Imp          |       |    11 |    32 |     6 ||    49
       Call Canine Famil |       |       |    22 |     2 ||    24
Evoke: Wand              |       |       |     1 |       ||     1
  Use: Scroll            |     3 |       |     6 |       ||     9
       Potion            |       |       |     8 |       ||     8
 Stab: Sleeping          |     5 |     4 |     9 |       ||    18
       Distracted        |       |       |     2 |       ||     2
       Invisible         |       |       |     1 |     1 ||     2
  Eat: Chunk             |     1 |     8 |    14 |     1 ||    24
       Ration            |       |       |     1 |       ||     1
Armor: Robe              |     7 |    16 |    51 |     2 ||    76
Dodge: Dodged            |    31 |   115 |   208 |    16 ||   370
